 Dungeon Crawl Stone Soup version 0.19-a0-1013-g40768a3 (webtiles) character file.

1 4thArraOfDagon the Grasshopper (level 1, 0/11 HPs)
             Began as a Vine Stalker Warper on July 24, 2016.
             Slain by a scorpion (4 damage)
             ... on level 4 of the Dungeon.
             The game lasted 00:01:28 (160 turns).

4thArraOfDagon the Grasshopper (Vine Stalker Warper) Turns: 160, Time: 00:01:29

Health: 0/11       AC:  3    Str: 13    XL:     1   Next: 20%
Magic:  0/4        EV: 11    Int: 13    God:
Gold:   0          SH:  0    Dex: 13    Spells: 1 memorised, 3 levels left

rFire  . . .     SeeInvis .       - Unarmed
rCold  . . .     Gourm    .     a - +0 leather armour
rNeg   . . .     Faith    .     (no shield)
rPois  .         Spirit   +     (no helmet)
rElec  .         Dismiss  .     (no cloak)
rCorr  .         Reflect  .     (no gloves)
SustAt .         Harm     .     (no boots)
MR     .....                    (no amulet)
Stlth  +.........               (no ring)
                                (no ring)

@: not resistant to hostile enchantments, very unstealthy
A: fangs 2, regeneration 1, magic shield, antimagic bite, no device heal 3, rot
immunity
a: no special abilities


You were on level 4 of the Dungeon.
You were not hungry.

You visited 1 branch of the dungeon, and saw 5 of its levels.

Inventory:

Missiles
 d - 3 tomahawks of dispersal (quivered)
Armour
 a - a +0 leather armour (worn)
Scrolls
 c - 2 scrolls of blinking
Potions
 e - 2 potions of flight {unknown}
Books
 b - a book of Spatial Translocations

   Spells                             Type                      Level
   a - Apportation                    Translocation                1
   b - Blink                          Translocation                2
   c - Shroud of Golubria             Charms/Translocation         2
   d - Portal Projectile              Translocation                3
   e - Teleport Other                 Translocation                3
   f - Passage of Golubria            Translocation                4
Comestibles
 f - a bread ration


   Skills:
 + Level 1.7 Fighting
 - Level 0.8 Throwing
 - Level 0.7 Armour
 - Level 1.5 Dodging
 * Level 2.0 Unarmed Combat
 + Level 2.1 Spellcasting
 * Level 3.0 Translocations


You had 3 spell levels left.
You knew the following spells:

 Your Spells              Type           Power        Failure   Level  Hunger
a - Apportation           Tloc           #.........   12%         1    ##.....


Dungeon Overview and Level Annotations

Branches:
Dungeon (5/15)
 Temple: D:4-7

Altars:
Pakellas


Innate Abilities, Weirdness & Mutations

You have extremely sharp teeth.
Your natural rate of healing is unusually fast.
When hurt, damage is shared between your health and your magic reserves.
Your bite disrupts and absorbs the magic of your enemies.
Potions and wands cannot restore your health.
You are immune to rotting.


Message History

You hit the scorpion but do no damage.
The scorpion is heavily wounded.
The scorpion stings you but does no damage.
You closely miss the scorpion.
The scorpion is heavily wounded.
Throwing (i - inventory):
d - 4 tomahawks of dispersal (quivered)
Press: ? - help, Shift-Dir - straight line, f/p - scorpion
Aim: a scorpion (heavily wounded)
You throw a tomahawk of dispersal.
The tomahawk of dispersal hits the scorpion but does no damage.
The scorpion is heavily wounded.
The scorpion stings you. The scorpion stings you!
Ouch! That really hurt!
* * * LOW HITPOINT WARNING * * *
Unknown command.
Unknown command.
You barely miss the scorpion. Your bite misses the scorpion.
The scorpion is heavily wounded.
The scorpion stings you.
You die...

#.#.# # # #.#.# .#
#.#.#.##.###
#.#........#
#........#
###.#.#### ## #..#
##.###s####..##
#.###.#..@#........
#..........#####.##
######....# ##...#
### ##.## ... #.#
##.# #.#
#...#######.######.#
#.#...(.....<.....#


You could see a scorpion.

Vanquished Creatures
  A giant cockroach (D:3)
1 creature vanquished.

Notes
Turn   | Place    | Note
-------+----------+-------------------------------------------
     0 | D:1      | 4thArraOfDagon the Vine Stalker Warper began the quest for the Orb.
     0 | D:1      | Reached XP level 1. HP: 11/11 MP: 4/4
    15 | D:2      | Found an oddly glowing altar of Pakellas.
   129 | D:5      | Entered Level 5 of the Dungeon
   129 | D:5      | Noticed a scorpion
   129 | D:5      | Noticed a worker ant
   160 | D:4      | Slain by a scorpion

Vault maps used:
D:1:      dpeg_arrival_line_fractal, serial_bayou_lake_a
D:2:      nicolae_overflow_crystal_walls, yredelemnul_forgotten_temple_becter
D:3:      fedhas_altar_2
D:4:      kennysheep_the_goblin_king, vehumet_altar_wand_db,
          nicolae_ru_great_annihilating_truth
D:5:      lemuel_ratsnest, nemelex_xobeh_ov_fountains_minmay,
          old_standard_altar, first_bread

Action                   || total
-------------------------++-------
Melee: Unarmed           ||    17
       Bite              ||     3
Throw: Tomahawk          ||     2
Armor: Leather armour    ||     5
Dodge: Dodged            ||    11
